 Dungeon Crawl Stone Soup version 0.22-a0-223-g0f5d773 (webtiles) character file.

751 wolfsongas the Charmwright (level 7, 0/56 HPs)
             Began as a Gnoll Skald on Feb 19, 2018.
             Was a Follower of Fedhas.
             Slain by a sky beast (5 damage)
             ... on level 5 of the Dungeon.
             The game lasted 00:10:15 (4982 turns).

wolfsongas the Charmwright (Gnoll Skald)            Turns: 4982, Time: 00:10:16

Health: 0/56       AC:  4    Str: 13    XL:     7   Next: 78%
Magic:  9/15       EV: 14    Int: 18    God:    Fedhas [*.....]
Gold:   205        SH:  0    Dex: 14    Spells: 12/17 levels left

rFire    + . .     SeeInvis .   l - +4 quarterstaff (chaos)
rCold    . . .     Gourm    .   (shield currently unavailable)
rNeg     . . .     Faith    .   b - +0 leather armour
rPois    .         Spirit   .   (no helmet)
rElec    .         Reflect  .   n - +0 cloak
rCorr    .         Harm     .   (no gloves)
MR       .....                  (no boots)
Stlth    ++........             (no amulet)
HPRegen  0.18/turn              d - ring of protection from fire
MPRegen  0.14/turn              (no ring)

@: infused
A: distributed training, fangs 1, strong nose
a: Fungal Bloom, Evolution, Renounce Religion


You were on level 5 of the Dungeon.
You worshipped Fedhas.
Fedhas was aware of your devotion.
You were full.

You visited 1 branch of the dungeon, and saw 5 of its levels.
You also visited: Sewer.

You collected 205 gold pieces.

Inventory:

Hand Weapons
 l - a +4 quarterstaff of chaos (weapon)
Armour
 b - a +0 leather armour (worn)
 n - a +0 cloak (worn)
Jewellery
 d - a ring of protection from fire (left hand)
Scrolls
 g - 5 scrolls of teleportation
 k - 2 scrolls of magic mapping
 p - a scroll of blinking
 r - a scroll of fog {unknown}
 s - a scroll of fear {unknown}
 v - a scroll of remove curse {unknown}
Potions
 e - 2 potions of ambrosia
 f - a potion of flight
 h - a potion of brilliance
 i - 3 potions of lignification
 m - a potion of might
 q - a potion of magic
 t - a potion of resistance
 u - a potion of agility {unknown}
Comestibles
 c - 6 rations


   Skills:
 + Level 5.3 Fighting
 + Level 2.6 Short Blades
 + Level 2.6 Long Blades
 + Level 5.3 Axes
 + Level 2.6 Maces & Flails
 + Level 2.6 Polearms
 + Level 2.6 Staves
 + Level 2.6 Slings
 + Level 2.6 Bows
 + Level 2.6 Crossbows
 + Level 2.6 Throwing
 + Level 3.7 Armour
 + Level 5.3 Dodging
 + Level 2.6 Stealth
 + Level 2.6 Shields
 + Level 2.6 Unarmed Combat
 + Level 5.7 Spellcasting
 + Level 2.1 Conjurations
 + Level 2.1 Hexes
 + Level 5.9 Charms
 + Level 2.1 Summonings
 + Level 2.1 Necromancy
 + Level 2.1 Translocations
 + Level 2.1 Transmutations
 + Level 2.1 Fire Magic
 + Level 2.1 Ice Magic
 + Level 2.1 Air Magic
 + Level 2.1 Earth Magic
 + Level 2.1 Poison Magic
 + Level 2.9 Invocations
 + Level 2.6 Evocations


You had 12 spell levels left.
You knew the following spells:

 Your Spells              Type           Power        Failure   Level  Hunger
a - Infusion              Chrm           ####         1%          1    None
b - Song of Slaying       Chrm           ####....     1%          2    None
c - Shroud of Golubria    Chrm/Tloc      ###.......   4%          2    None


Dungeon Overview and Level Annotations

Branches:
Dungeon (5/15)
 Temple: D:4-7

Altars:
Elyvilon
Fedhas
Hepliaklqana
Kikubaaqudgha
Ru
Vehumet
Wu Jian
Xom


Innate Abilities, Weirdness & Mutations

Your experience applies equally to all skills.
You have very sharp teeth.
Your uncanny sense of smell can sniff out nearby items.


Message History

You closely miss the centaur.
The centaur is almost dead.
The centaur hits you! Something hits you. Something shocks you.
The centaur hits you.
* * * LOW HITPOINT WARNING * * *
You hit the centaur.
You feel better.
You kill the centaur!
The hound bites you.
* * * LOW HITPOINT WARNING * * *
Something hits you but does no damage. The hound bites you.
* * * LOW HITPOINT WARNING * * *
Something hits you but does no damage. The hound barely misses you.
Your leather armour prevents you from hitting something.
Your bite misses something. The hound bites you.
* * * LOW HITPOINT WARNING * * *
Something hits you.
* * * LOW HITPOINT WARNING * * *
Something shocks you.
You die...
Fedhas appreciates your contribution to the ecosystem.

...#.##.##...######[.
.#.#.#...........<....)
#..........##.......##)#
....................+...
##..).#....##.......##.#
.......$..(##.......+...
#.........(...#.....#..#
#.#...#h.(#####........#
.......@..# #........#
.......{).......####....
#.##..#.......... ....
........######.. ....
#.##..#.## ... .. #
#..#.# #. #.# .. ...


You could see a hound.

Vanquished Creatures
  Sigmund (D:5)
  An ogre (D:4)
  A centaur (D:5)
  A water moccasin skeleton (D:4)
  Crazy Yiuf (D:2)
  2 hounds (D:4)
  An orc wizard (D:5)
  An iguana (D:3)
  Natasha (twice) (D:2)
  A worker ant (D:4)
  5 adders
  A shadow imp (D:5)
  3 worms
  2 dart slugs (D:2)
  4 leopard geckos
  11 orcs
  8 giant cockroaches
  4 goblins
  8 hobgoblins
  8 jackals (Sewer)
  4 quokkas
  3 ball pythons
  9 bats
  11 frilled lizards
  14 kobolds
  A leopard gecko zombie (D:5)
  6 rats
  2 plants (Sewer)
116 creatures vanquished.

Notes
Turn   | Place    | Note
-------+----------+-------------------------------------------
     0 | D:1      | wolfsongas the Gnoll Skald began the quest for the Orb.
     0 | D:1      | Reached XP level 1. HP: 20/20 MP: 6/6
   424 | D:1      | Reached XP level 2. HP: 26/26 MP: 7/7
   703 | D:2      | Learned a level 2 spell: Song of Slaying
   719 | D:2      | Found an ancient bone altar of Kikubaaqudgha.
   734 | D:2      | Reached XP level 3. HP: 7/31 MP: 0/9
   998 | D:2      | Reached skill level 5 in Spellcasting
  1186 | D:2      | Reached skill level 1 in Invocations
  1209 | D:2      | Reached skill level 1 in Short Blades
  1209 | D:2      | Reached skill level 1 in Long Blades
  1209 | D:2      | Reached skill level 1 in Maces & Flails
  1209 | D:2      | Reached skill level 1 in Polearms
  1209 | D:2      | Reached skill level 1 in Staves
  1209 | D:2      | Reached skill level 1 in Slings
  1209 | D:2      | Reached skill level 1 in Bows
  1209 | D:2      | Reached skill level 1 in Crossbows
  1209 | D:2      | Reached skill level 1 in Throwing
  1209 | D:2      | Reached skill level 1 in Stealth
  1209 | D:2      | Reached skill level 1 in Shields
  1209 | D:2      | Reached skill level 1 in Unarmed Combat
  1209 | D:2      | Reached skill level 1 in Evocations
  1545 | D:2      | Reached XP level 4. HP: 38/38 MP: 11/11
  1702 | D:2      | Noticed Natasha
  1725 | D:2      | Killed Natasha
  1910 | D:2      | Learned a level 2 spell: Shroud of Golubria
  1949 | D:2      | Reached skill level 1 in Conjurations
  1949 | D:2      | Reached skill level 1 in Hexes
  1949 | D:2      | Reached skill level 1 in Summonings
  1949 | D:2      | Reached skill level 1 in Necromancy
  1949 | D:2      | Reached skill level 1 in Translocations
  1949 | D:2      | Reached skill level 1 in Transmutations
  1949 | D:2      | Reached skill level 1 in Fire Magic
  1949 | D:2      | Reached skill level 1 in Ice Magic
  1949 | D:2      | Reached skill level 1 in Air Magic
  1949 | D:2      | Reached skill level 1 in Earth Magic
  1949 | D:2      | Reached skill level 1 in Poison Magic
  2335 | D:2      | Found a runed door.
  2341 | D:2      | Noticed Crazy Yiuf
  2350 | D:2      | Killed Crazy Yiuf
  2350 | D:2      | Reached XP level 5. HP: 12/43 MP: 4/12
  2589 | D:2      | Noticed Natasha
  2595 | D:2      | Killed Natasha
  2712 | D:3      | Found a sacrificial altar of Ru.
  2928 | D:3      | Found a glowing drain.
  2945 | Sewer    | Entered a sewer
  3825 | D:3      | Reached XP level 6. HP: 50/50 MP: 10/13
  3856 | D:3      | Found a white marble altar of Elyvilon.
  3901 | D:3      | Found a hazy altar of Hepliaklqana.
  4367 | D:4      | Reached skill level 5 in Fighting
  4367 | D:4      | Reached skill level 5 in Axes
  4367 | D:4      | Reached skill level 5 in Dodging
  4488 | D:4      | Found a shimmering altar of Xom.
  4488 | D:4      | Found a radiant altar of Vehumet.
  4494 | D:4      | Found an ornate altar of the Wu Jian Council.
  4497 | D:4      | Found a faded altar of an unknown god.
  4499 | D:4      | Found a faded altar of an unknown god.
  4516 | D:4      | Became a worshipper of Fedhas Madash
  4516 | D:4      | Reached * piety under Fedhas
  4555 | D:4      | Reached XP level 7. HP: 52/56 MP: 15/15
  4613 | D:5      | Entered Level 5 of the Dungeon
  4620 | D:5      | Noticed Sigmund
  4647 | D:5      | HP: 2/56 [orc wizard/magic dart (5)]
  4649 | D:5      | Killed Sigmund
  4982 | D:5      | Slain by a sky beast

Vault maps used:
D:1:      lightli_arrival_lavapool, minivault_11, dk_noncrumbling_3
D:2:      old_standard_altar, minmay_tetromino_o4, uniq_natasha,
          uniq_crazy_yiuf_cottage
D:3:      nicolae_ru_awakened_eye, old_standard_altar, lemuel_crystal_altar,
          cheibrodos_sewer_entry_drain, kennysheep_generic_room_11
D:4:      chequers_temple_overflow_minitemple, st_stairs_9
D:5:      minmay_temple_entry_fiery, first_ration, uniq_pikel, uniq_sigmund,
          uniq_prince_ribbit1, uniq_eustachio
Sewer:    sewer_co_scattered_pipes

Skill      XL: |  1  2  3  4  5  6  7 |
---------------+----------------------+-----
Spellcasting   | 5 |  5.7
Invocations    | 1 2 |  2.9
Short Blades   | 1 2 |  2.6
Long Blades    | 1 2 |  2.6
Maces & Flails | 1 2 |  2.6
Polearms       | 1 2 |  2.6
Staves         | 1 2 |  2.6
Slings         | 1 2 |  2.6
Bows           | 1 2 |  2.6
Crossbows      | 1 2 |  2.6
Throwing       | 1 2 |  2.6
Stealth        | 1 2 |  2.6
Shields        | 1 2 |  2.6
Unarmed Combat | 1 2 |  2.6
Evocations     | 1 2 |  2.6
Conjurations   | 1 2 |  2.1
Hexes          | 1 2 |  2.1
Summonings     | 1 2 |  2.1
Necromancy     | 1 2 |  2.1
Translocations | 1 2 |  2.1
Transmutations | 1 2 |  2.1
Fire Magic     | 1 2 |  2.1
Ice Magic      | 1 2 |  2.1
Air Magic      | 1 2 |  2.1
Earth Magic    | 1 2 |  2.1
Poison Magic   | 1 2 |  2.1
Armour         | 3 |  3.7
Fighting       | 5 |  5.3
Axes           | 5 |  5.3
Dodging        | 5 |  5.3
Charms         | |  5.9

Action                   |  1- 3 |  4- 6 |  7- 9 || total
-------------------------+-------+-------+-------++-------
Melee: Hand axe          |    96 |    66 |       ||   162
       Bite              |     9 |    14 |     1 ||    24
       Quarterstaff      |       |   193 |    28 ||   221
 Cast: Infusion          |     2 |    11 |     2 ||    15
       Shroud of Golubri |       |     3 |     2 ||     5
       Song of Slaying   |       |     2 |     1 ||     3
  Use: Scroll            |     5 |    10 |       ||    15
       Potion            |       |     1 |     4 ||     5
 Stab: Sleeping          |     2 |     1 |       ||     3
       Petrified         |       |     2 |       ||     2
  Eat: Chunk             |     2 |     4 |       ||     6
       Ration            |       |     2 |     2 ||     4
Armor: Leather armour    |    20 |    49 |    19 ||    88
Dodge: Dodged            |    71 |   157 |    45 ||   273

Table legend:
 A = Spawn XP
 B = Non-spawn XP
 C = Spawn XP percentage of total XP
 D = Spawn monster count
 E = Non-spawn monster count
 F = Spawn count percentage of total count
 G = Total turns spent on level
                    A         B        C        D         E        F      G
               +---------+---------+-------+---------+---------+-------+---------
         Total |       0 |    1074 |   0.0 |       0 |     114 |   0.0 |  4982
               +---------+---------+-------+---------+---------+-------+---------
           D:1 |       0 |      12 |   0.0 |       0 |       7 |   0.0 |   569
           D:2 |       0 |     212 |   0.0 |       0 |      39 |   0.0 |  2127
           D:3 |       0 |      78 |   0.0 |       0 |      23 |   0.0 |   755
           D:4 |       0 |     312 |   0.0 |       0 |      11 |   0.0 |   762
           D:5 |       0 |     399 |   0.0 |       0 |       9 |   0.0 |    91
         Sewer |       0 |      61 |   0.0 |       0 |      25 |   0.0 |   678
               +---------+---------+-------+---------+---------+-------+---------
